 Dungeon Crawl Stone Soup version 0.30-a0-691-g754fce4c43 (webtiles) character file.

Game seed: 329929266220795826

88 bjtr the Digger (level 4, -9/27 HPs)
             Began as an Octopode Earth Elementalist on Jan 19, 2023.
             Killed by divine providence
             ... invoked by an orc priest
              (16 damage)
             ... on level 3 of the Dungeon.
             The game lasted 00:08:08 (1818 turns).

bjtr the Digger (Octopode Earth Elementalist)       Turns: 1818, Time: 00:08:09

Health: -9/27      AC:  1    Str:  7    XL:     4   Next: 54%
Magic:  7/7        EV:  9    Int: 19    God:
Gold:   129        SH: 11    Dex: 12    Spells: 5/8 levels left

rFire   . . .      SeeInvis .    f - +0 long sword
rCold   . . .      Faith    .    g - +0 tower shield
rNeg    . . .      Spirit   .    (helmet restricted)
rPois   .          Reflect  .    (no amulet)
rElec   .          Harm     .    h - ring of resist corrosion
rCorr   +          Rampage  .    (no ring)
Will    .....                    (no ring)
Stlth   +++                      (no ring)
HPRegen 0.24/turn                (no ring)
MPRegen 0.10/turn                (no ring)
                                 (no ring)
                                 (no ring)

@: no status effects
A: almost no armour, amphibious, 8 rings, camouflage 1, gelatinous body 1,
(nimble swimmer 1), tentacles
a: no special abilities


You were on level 3 of the Dungeon.
You visited 1 branch of the dungeon, and saw 3 of its levels.

You collected 129 gold pieces.

Inventory:

Hand Weapons
 b - a +0 sling
 f - a +0 long sword (weapon)
 i - a +4 dagger
Missiles
 j - 5 boomerangs
 n - 3 poisoned darts
 p - 33 stones
Armour
 g - a +0 tower shield (worn)
Jewellery
 h - a ring of resist corrosion (left tentacle)
Scrolls
 c - a scroll of enchant armour {unknown}
 d - 4 scrolls of identify {unknown}
 k - 4 scrolls of teleportation {unknown}
 o - 2 scrolls of amnesia {unknown}
Potions
 a - 3 potions of magic
 e - 3 potions of curing {unknown}
 l - 2 potions of flight {unknown}
 m - a potion of haste {unknown}


   Skills:
 + Level 0.4 Fighting
 + Level 2.3 Dodging
 + Level 3.5 Stealth
 * Level 1.7 Shields
 + Level 2.5 Spellcasting
 + Level 1.0 Transmutations
 + Level 3.6 Earth Magic


You had 5 spell levels left.
You knew the following spells:

 Your Spells              Type           Power      Damage    Failure   Level
a - Sandblast             Erth           32%        2d9       47%         1
b - Passwall              Tmut/Erth      9%         N/A       80%         2

Your spell library contained the following spells:

 Spells                   Type           Power      Damage    Failure   Level
 Stone Arrow              Conj/Erth      18%        3d8       98%         3
 Petrify                  Tmut/Erth      11%        N/A       100%        4
 Chain Lightning          Conj/Air       1%         3d1       100%        9
 Fire Storm               Conj/Fire      1%         7d1       100%        9
 Shatter                  Erth           8%         3d10*     100%        9


Dungeon Overview and Level Annotations

Branches:
Dungeon (3/15)

Altars:
Elyvilon
Uskayaw


Innate Abilities, Weirdness & Mutations

You cannot wear most types of armour.
You are amphibious.
You can wear up to eight rings at the same time.
Your skin changes colour to match your surroundings (Stealth+).
Your rubbery body absorbs attacks. (AC +1, EV +1)
((You are camouflaged when in or above water. (Stealth+)))
You have tentacles for arms and can constrict up to eight enemies at once.


Message History

You see here a quokka corpse.
An orc wizard comes into view. It is wielding a +0 dagger.
An orc comes into view. It is wielding a +0 falchion.
You see here a scroll labelled EPTUUKK PUDIDA.
d - 4 scrolls labelled EPTUUKK PUDIDA (gained 1)
The orc moves out of view.
A ball python comes into view.
A bat comes into view.
An orc priest comes into view.
It is wielding a +2 short sword of electrocution.
Found a stone staircase leading down.
An orc comes into view. It is wielding a +0 club.
The helpless ball python fails to defend itself.
You slash the ball python!
You kill the ball python!
The orc hits you with a +0 falchion. You block the bat's attack.
The bat attacks as you move away! The bat closely misses you.
You block the bat's attack.
The orc shouts!
You hit the orc wizard but do no damage.
You grab the orc wizard. You squeeze the orc wizard.
The orc wizard is lightly wounded.
You constrict the orc wizard, but do no damage.
The bat hits you but does no damage. The bat barely misses you.
The bat hits you but does no damage. The orc wizard casts a spell at you.
The magic dart hits you!
You closely miss the bat. Your grab misses the bat.
Your squeeze misses the bat. You constrict the orc wizard.
You block the bat's attack. The bat barely misses you. The bat hits you.
You block the bat's attack.
The orc wizard hits you with a +0 dagger.
The orc wizard casts a spell at you. The magic dart hits you!
* * * LOW HITPOINT WARNING * * *
You block the bat's attack.
You release your grip on the orc wizard.
The orc priest calls down the wrath of Beogh upon you.
Beogh smites you!
Ouch! That really hurt!
You die...

#.# #.#
.######.#####
............#
.######.###.#
#.###.# #..##.#
#.....############..
##.##.....@.bo..>...
#.########o#######.
#.# ..oo# #.#
#.###... #.. .. ....
### ## .#### .# ##


You could see an orc priest, an orc wizard, 2 orcs and a bat.

Vanquished Creatures
  3 adders
  2 worms
  A dart slug (D:2)
  An orc (D:3)
  6 ball pythons
  A bat (D:2)
  11 endoplasms
  2 giant cockroaches
  3 goblins
  2 hobgoblins
  6 kobolds
  4 quokkas
  2 frilled lizards
  5 rats
49 creatures vanquished.

Notes
Turn   | Place    | Note
-------+----------+-------------------------------------------
     0 | D:1      | bjtr the Octopode Earth Elementalist began the quest for
                  | the Orb.
     0 | D:1      | Reached XP level 1. HP: 11/11 MP: 3/3
   233 | D:1      | Reached XP level 2. HP: 17/17 MP: 3/5
   236 | D:1      | Learned a level 2 spell: Passwall
   956 | D:2      | Reached XP level 3. HP: 13/21 MP: 4/6
  1030 | D:2      | Reached skill level 1 in Shields
  1222 | D:2      | Reached XP level 4. HP: 22/27 MP: 7/7
  1574 | D:3      | Found a hide-covered altar of Uskayaw.
  1738 | D:3      | Found a white marble altar of Elyvilon.
  1818 | D:3      | Killed from afar by an orc priest

Illustrated notes

Levels and vault maps discovered:
D:1:      psy_arrival_whirlpool, layout_basic
D:2:      layout_rooms
D:3:      layout_loops_ring, eat_drink_and_be_merry_uskayaw,
          mainiacjoe_overflow_tiny_flanked

Skill      XL: |  1  2  3 |
---------------+----------+-----
Stealth        | 3 |  3.5
Shields        | 1 |  1.7
Fighting       | |  0.4
Dodging        | |  2.3
Spellcasting   | |  2.5
Transmutations | |  1.0
Earth Magic    | |  3.6

Action                   |  1- 3 |  4- 6 || total
-------------------------+-------+-------++-------
Melee: Long sword        |    37 |    27 ||    64
       Constrict         |    10 |     7 ||    17
       Tentacles         |     6 |     8 ||    14
 Cast: Sandblast         |    18 |     2 ||    20
 Stab: Sleeping          |     2 |     5 ||     7
       Distracted        |       |     1 ||     1
Armor: Skin              |     4 |     3 ||     7
Dodge: Dodged            |    16 |    12 ||    28
Block: Tower shield      |    19 |    18 ||    37

Table legend: (Time is in decaauts)
 A = Elapsed time spent in this place.
 B = Non-inter-level travel time spent in this place.
 C = Inter-level travel time spent in this place.
 D = Time resting spent in this place.
 E = Time spent auto-exploring this place.
 F = Levels seen in this place.
 G = Mean time per level.
                   A        B        C        D        E       F      G
               +--------+--------+--------+--------+--------+-----+--------+
         Total |   1878 |   1852 |     26 |     95 |   1238 |   3 |  626.0 |
       Dungeon |   1878 |   1852 |     26 |     95 |   1238 |   3 |  626.0 |
               +--------+--------+--------+--------+--------+-----+--------+

Top non-repeatable levels by time:
     D:1: 806 daAuts
     D:2: 614 daAuts
     D:3: 456 daAuts
